 Dungeon Crawl Stone Soup version 0.31.0-11-ge490571c62 (webtiles) character file.

Game seed: 14407738149736549201

14109 Arcadio the Grappler (level 11, 0/117 HPs)
             Began as a Troll Delver on Jan 27, 2024.
             Was a Priest of the Shining One.
             Slain by an orc warrior
             ... wielding a +0 battleaxe
             ... led by an orc knight
              (30 damage)
             ... on level 1 of the Orcish Mines.
             The game lasted 00:21:39 (11028 turns).

Arcadio the Grappler (Troll Delver)                Turns: 11028, Time: 00:21:39

Health: 0/117      AC: 14    Str: 26    XL:     11   Next: 84%
Magic:  10/10      EV: 16    Int:  6    God:    the Shining One [***...]
Gold:   981        SH:  0    Dex: 11    Spells: 9/10 levels left

rFire   . .          .
                       - Unarmed
rCold   + . .        (no shield)
rNeg    + . .        N - +0 swamp dragon scales
rPois   +            K - +2 hat
rElec   .            D - +0 cloak
rCorr   .            (gloves unavailable)
SInv    .            (boots unavailable)
Will    .....        (no amulet)
Stlth   +            B - ring of protection from cold
HPRegen 1.19/turn    w - +5 ring of evasion
MPRegen 0.12/turn

%: no passive effects
@: glowing
A: large, unfitting armour, claws 3, regeneration 1, shaggy fur 1, tough skin 1
a: Renounce Religion, Divine Shield, Cleansing Flame


You were on level 1 of the Orcish Mines.
You worshipped the Shining One.
The Shining One was most pleased with you.
You visited 2 branches of the dungeon, and saw 13 of its levels.
You also visited: Bailey.

You collected 1424 gold pieces.
You spent 443 gold pieces at shops.

Inventory:

Hand Weapons
 r - a +1 broad axe of flaming
 y - a +0 morningstar
 G - a +2 whip of electrocution
Armour
 a - a +0 robe
 t - +0 steam dragon scales
 D - a +0 cloak (worn)
 K - a +2 hat (worn)
 N - +0 swamp dragon scales (worn)
Jewellery
 m - a ring of resist corrosion
 w - a +5 ring of evasion (right claw)
 B - a ring of protection from cold (left claw)
Wands
 c - a wand of mindburst (6)
 f - a wand of digging (2)
 g - a wand of iceblast (11)
 n - a wand of flame (55)
 H - a wand of polymorph (8)
 I - a wand of paralysis (11)
Scrolls
 b - a scroll of fog
 d - 3 scrolls of fear
 k - 4 scrolls of enchant armour {unknown}
 l - 2 scrolls of vulnerability {unknown}
 o - a scroll of noise {unknown}
 q - 2 scrolls of brand weapon {unknown}
 s - 3 scrolls of teleportation {unknown}
 v - a scroll of butterflies {unknown}
 x - 3 scrolls of immolation
 A - a scroll of torment {unknown}
 C - a scroll of poison {unknown}
 E - 2 scrolls of blinking
 F - a scroll of acquirement {unknown}
 O - a scroll of amnesia {unknown}
Potions
 e - 4 potions of haste
 h - a potion of invisibility
 i - a potion of brilliance {unknown}
 j - 2 potions of magic
 p - 2 potions of cancellation
 u - 3 potions of curing {unknown}
 z - 4 potions of enlightenment
 J - 2 potions of berserk rage {unknown}
 L - 2 potions of heal wounds
Miscellaneous
 M - a phial of floods


   Skills:
 + Level 9.9 Fighting
 + Level 6.8 Armour
 - Level 6.5 Dodging
 - Level 2.7 Stealth
 + Level 11.3 Unarmed Combat


You had 9 spell levels left.
You knew the following spells:

 Your Spells              Type           Power      Damage    Failure   Level
a - Apportation           Tloc           0%         N/A       56%         1

Your spell library contained the following spells:

 Spells                   Type           Power      Damage    Failure   Level
 Foxfire                  Conj/Fire      0%         2x1d4     56%         1
 Jinxbite                 Hex            0%         N/A       71%         2
 Call Canine Familiar     Summ           0%         N/A       91%         3
 Hailstorm                Conj/Ice       0%         3d5       91%         3
 Sigil of Binding         Hex            0%         N/A       91%         3
 Summon Ice Beast         Ice/Summ       0%         N/A       91%         3
 Animate Armour           Summ/Erth      0%         N/A       100%        4
 Dimensional Bullseye     Hex/Tloc       0%         N/A       100%        4
 Manifold Assault         Tloc           0%         N/A       100%        4
 Summon Lightning Spire   Summ/Air       0%         N/A       100%        4
 Alistair's Intoxication  Alch           0%         N/A       100%        5
 Lee's Rapid Deconstruct  Erth           0%         3d4*      100%        5
 Dispersal                Tloc           0%         N/A       100%        6
 Plasma Beam              Fire/Air       0%         2x1d10    100%        6
 Sculpt Simulacrum        Ice/Alch       0%         N/A       100%        6
 Starburst                Conj/Fire      0%         6d3       100%        6
 Disjunction              Tloc           0%         N/A       100%        8


Dungeon Overview and Level Annotations

Branches:
Dungeon (11/15)            Temple (0/1) D:5            Lair (0/5) D:8
    Orc (2/2) D:9          Bailey (visited)
    Elf: Orc:2

Altars:
Ashenzari
Cheibriados
Elyvilon
Fedhas
Gozag
Hepliaklqana
Kikubaaqudgha
Makhleb
Nemelex Xobeh
Okawaru
Qazlal
Ru
Sif Muna
Trog
Uskayaw
Vehumet
Wu Jian
Xom
Zin
The Shining One

Shops:
D:2 *   D:10 (

Annotations:
D:7 1 runed translucent door, Ashen's ghost, novice TrSh
D:8 3 transporters


Innate Abilities, Weirdness & Mutations

You are too large for most types of armour.
You have claws for hands.
Your natural rate of healing is unusually fast.
You are covered in fur. (AC +1)
You have tough skin. (AC +1)


Message History

You scratch the orc knight but do no damage.
The orc knight hits you with a +0 war axe!
The orc knight roars a battlecry!
The orcs go into a battle-frenzy!
There is a stone staircase leading up, spattered with blood here.
You climb upwards.
There is a stone staircase leading down here.
You start resting.
HP restored.
You climb downwards.
The orc knight barely misses you.
The orc sorcerer mumbles some strange words.
The orc warrior misses you.
The orc knight hits you with a +0 war axe!
There is a stone staircase leading up, spattered with blood here.
The orc warrior throws a boomerang.
The boomerang closely misses you. The sixfirhy hits you.
The sixfirhy shocks you!
The orc warrior hits you with a +0 battleaxe!!
The orc knight closely misses you.
You climb upwards.
There is a stone staircase leading down here.
You scratch the orc knight but do no damage.
The orc warrior barely misses you.
You claw the orc knight!
The orc knight is lightly wounded.
The orc knight hits you with a +0 war axe!
The orc warrior hits you with a +0 battleaxe!
You scratch the orc knight.
The orc knight is lightly wounded.
The orc knight closely misses you.
You scratch the orc knight.
The orc knight is lightly wounded.
The orc warrior misses you. The orc knight misses you.
You completely miss the orc knight.
You claw the orc knight, but do no damage.
The orc knight is lightly wounded.
The orc warrior barely misses you.
You claw the orc knight!
The orc knight is moderately wounded.
The orc knight hits you with a +0 war axe!!
The orc warrior hits you with a +0 battleaxe!!
You die...

##.........# #.......# #
#.....##...####...##.. ##
##........##.#....#... .# ###
###.........#...##....#.
####.#####...........##...#...###
......##......#..................
.....##....#..............#......
#....#....##....o##...###...#....
...####........o@#...............
.###.#.#..................#.....#
####....#.....#....##.....#.....#
# #.....#....###..####...........
###............##.#....#.........
.#...#.....#....##.....#.....#...
#.............#####..........#...
##.....##......##..##.....#......
.##...####.....#.........#......#


You could see an orc knight and an orc warrior (strong).

Vanquished Creatures
  2 boulder beetles
  A two-headed ogre (Orc:2)
  An orc high priest (Orc:1)
  Nergalle (D:9)
  An orc sorcerer (Orc:1)
  A kobold blastminer (Orc:1)
  A guardian serpent (Bailey)
  Joseph (D:7)
  Maggie (D:9)
  2 unseen horrors
  A troll (D:10)
  2 hornets
  4 shadows
  Sigmund (D:2)
  6 yaks (D:10)
  A wraith (D:10)
  A warg (Orc:1)
  2 steam dragons
  Duvessa (D:7)
  4 water moccasins
  15 orc warriors
  A sky beast (D:7)
  A black bear (D:5)
  4 ogres
  Blork the orc (D:6)
  3 kobold brigands
  2 bullfrogs (D:6)
  A gnoll sergeant (D:7)
  2 scorpions
  10 wights
  Dowan (D:7)
  6 killer bees (D:9)
  9 howler monkeys
  A crimson imp (D:5)
  A bombardier beetle (D:5)
  A jelly (D:6)
  2 gnoll boudas
  15 orc priests
  6 hounds
  4 iguanas
  Ijyb (D:5)
  2 sleepcaps
  Natasha (thrice) (D:4)
  16 orc wizards
  6 ogre zombies (D:9)
  22 gnolls
  5 adders
  2 shadow imps
  A white imp (D:8)
  4 ufetubi
  2 dart slugs
  A ribbon worm (D:2)
  69 orcs
  3 ball pythons
  6 bats
  6 endoplasms
  2 giant cockroaches (D:1)
  4 hobgoblins
  6 jackals
  4 quokkas
  A frilled lizard (D:2)
  3 gnoll skeletons (D:9)
  2 gnoll zombies (D:9)
  7 goblins
  22 kobolds
  3 orc skeletons (D:9)
  11 orc zombies (D:9)
  2 rats
337 creatures vanquished.

Vanquished Creatures (others)
  A human (D:4)
  An orc wizard (Orc:1)
2 creatures vanquished.

Grand Total: 339 creatures vanquished

Notes
Turn   | Place    | Note
-------+----------+-------------------------------------------
     0 | D:5      | Arcadio the Troll Delver began the quest for the Orb.
     0 | D:5      | Reached XP level 1. HP: 22/22 MP: 0/0
    54 | D:5      | Noticed a bombardier beetle
    66 | D:5      | Killed a bombardier beetle
    67 | D:5      | Reached XP level 2. HP: 29/29 MP: 1/1
    67 | D:5      | Reached XP level 3. HP: 36/36 MP: 2/2
   110 | D:5      | Found a white marble altar of Elyvilon.
   118 | D:5      | Became a worshipper of Elyvilon the Healer
   249 | D:5      | Noticed a black bear
   259 | D:5      | Killed a black bear
   260 | D:5      | Reached skill level 3 in Unarmed Combat
   260 | D:5      | Reached XP level 4. HP: 32/45 MP: 3/3
   260 | D:5      | Reached XP level 5. HP: 38/53 MP: 4/4
   371 | D:5      | Found a hide-covered altar of Uskayaw.
   463 | D:5      | Found a hazy altar of Hepliaklqana.
   494 | D:5      | Noticed Ijyb
   501 | D:5      | Killed Ijyb
   505 | D:5      | Found a staircase to the Ecumenical Temple.
   619 | D:5      | Reached * piety under Elyvilon
   880 | D:3      | Reached XP level 6. HP: 62/62 MP: 5/5
   945 | D:3      | Found a shimmering altar of Xom.
   955 | D:3      | Found a broken altar of Ashenzari.
   970 | D:3      | Reached skill level 4 in Unarmed Combat
  1029 | D:3      | Found a faded altar of an unknown god.
  1094 | D:3      | Found a glowing golden altar of the Shining One.
  1147 | D:3      | Found an iron altar of Okawaru.
  1580 | D:2      | Reached ** piety under Elyvilon
  1915 | D:2      | Found Amec's Assorted Antiques.
  1923 | D:2      | Bought a pearl ring for 115 gold pieces
  1989 | D:2      | Noticed Sigmund
  2001 | D:2      | Killed Sigmund
  2002 | D:2      | Reached XP level 7. HP: 61/71 MP: 6/6
  2648 | D:1      | Reached *** piety under Elyvilon
  3295 | D:4      | Noticed Natasha
  3306 | D:4      | Killed Natasha
  3344 | D:4      | Reached skill level 5 in Unarmed Combat
  3385 | D:4      | Found a snail-covered altar of Cheibriados.
  3481 | D:4      | Found an ancient bone altar of Kikubaaqudgha.
  3512 | D:4      | Noticed a human
  3513 | D:4      | Killed a human
  3550 | D:4      | Noticed Natasha
  3568 | D:4      | Killed Natasha
  3581 | D:4      | Found a blossoming altar of Fedhas.
  3645 | D:4      | Noticed Natasha
  3650 | D:4      | Killed Natasha
  3755 | D:5      | Found a radiant altar of Vehumet.
  3756 | D:5      | Found a burning altar of Makhleb.
  4172 | D:6      | Reached skill level 5 in Fighting
  4181 | D:6      | Reached XP level 8. HP: 53/79 MP: 7/7
  4336 | D:6      | Found a stormy altar of Qazlal.
  4341 | D:6      | Reached skill level 6 in Unarmed Combat
  4388 | D:6      | Reached **** piety under Elyvilon
  4466 | D:6      | Reached skill level 5 in Dodging
  4785 | D:6      | Noticed Blork the orc
  4797 | D:6      | Killed Blork the orc
  4992 | D:7      | Noticed an angel
  4993 | D:7      | Found a glowing silver altar of Zin.
  5072 | D:7      | Reached skill level 7 in Unarmed Combat
  5087 | D:7      | Reached XP level 9. HP: 89/89 MP: 8/8
  5109 | D:7      | Noticed Joseph
  5110 | D:7      | Found a bloodstained altar of Trog.
  5162 | D:7      | Killed Joseph
  5234 | D:7      | Noticed Duvessa
  5234 | D:7      | Noticed Dowan
  5250 | D:7      | Killed Duvessa
  5252 | D:7      | Killed Dowan
  5317 | D:7      | Found a shimmering blue altar of Sif Muna.
  5392 | D:7      | Found a runed translucent door.
  5397 | D:7      | Noticed Ashen's ghost (novice TrSh)
  5778 | D:8      | Noticed a death yak
  5778 | D:8      | Found a staircase to the Lair.
  5779 | D:8      | Noticed a death yak
  5874 | D:8      | Reached ***** piety under Elyvilon
  5887 | D:8      | Reached skill level 8 in Unarmed Combat
  5887 | D:8      | Found an opulent altar of Gozag.
  5887 | D:8      | Found a transporter.
  5887 | D:8      | Found a transporter.
  5892 | D:8      | Reached skill level 1 in Armour
  5896 | D:8      | Found a sparkling altar of Nemelex Xobeh.
  5906 | D:8      | Found a transporter.
  5907 | D:8      | Found a transporter.
  6487 | D:9      | Reached XP level 10. HP: 102/102 MP: 9/9
  6578 | D:9      | Reached skill level 9 in Unarmed Combat
  6627 | D:9      | Found a staircase to the Orcish Mines.
  6673 | D:9      | Noticed Maggie
  6714 | D:9      | Killed Maggie
  7756 | D:10     | Entered Level 10 of the Dungeon
  7810 | D:10     | Found Zokucw's Weapon Shop.
  7840 | D:10     | Found a flagged portal.
  7928 | Bailey   | Entered a bailey
  7990 | Bailey   | Noticed an orc knight
  7992 | Bailey   | an orc knight changed into a guardian serpent
  7992 | Bailey   | Noticed a guardian serpent
  7997 | Bailey   | Killed a guardian serpent
  8018 | Bailey   | Reached skill level 10 in Unarmed Combat
  8036 | Bailey   | Reached skill level 5 in Armour
  8044 | Bailey   | Reached XP level 11. HP: 95/113 MP: 10/10
  8082 | Bailey   | Identified the +0 arbalest "Viek" {penet, rF++ rN+}
  8340 | D:10     | Found an ornate altar of the Wu Jian Council.
  8384 | D:10     | Bought a +1 broad axe of flaming for 170 gold pieces
  8397 | D:10     | Found a sacrificial altar of Ru.
  8788 | D:11     | Noticed a boulder beetle
  8807 | D:10     | Killed a boulder beetle
  9189 | D:11     | Learned a level 1 spell: Apportation
  9239 | D:11     | Noticed a boulder beetle
  9266 | D:11     | Killed a boulder beetle
  9621 | D:2      | Bought a scroll labelled LASAEBL JAOWN for 23 gold pieces
  9621 | D:2      | Bought a potion of heal wounds for 115 gold pieces
  9621 | D:2      | Bought a blue potion for 20 gold pieces
  9841 | Orc:1    | Entered Level 1 of the Orcish Mines
  9995 | Orc:1    | Noticed an orc high priest
 10058 | Orc:1    | Noticed Nergalle
 10080 | D:9      | Killed Nergalle
 10081 | D:9      | Reached skill level 11 in Unarmed Combat
 10122 | Orc:1    | Noticed an orc sorcerer
 10132 | Orc:1    | Killed an orc sorcerer
 10216 | Orc:1    | Reached ****** piety under Elyvilon
 10388 | Orc:1    | Killed an orc high priest
 10753 | D:3      | Fell from the grace of Elyvilon
 10753 | D:3      | Became a worshipper of the Shining One
 10753 | D:3      | Reached * piety under the Shining One
 10753 | D:3      | Reached ** piety under the Shining One
 10753 | D:3      | Reached *** piety under the Shining One
 10948 | Orc:2    | Entered Level 2 of the Orcish Mines
 10965 | Orc:2    | Noticed a two-headed ogre
 10974 | Orc:2    | Killed a two-headed ogre
 10980 | Orc:2    | Noticed an orc knight
 11009 | Orc:2    | Noticed an orc sorcerer
 11021 | Orc:2    | Noticed a sixfirhy
 11028 | Orc:1    | Slain by an orc warrior

Illustrated notes

Levels and vault maps discovered:
D:1:      nicolae_arrival_washed_ashore, layout_loops_corners,
          minmay_misc_feat_more_columns
D:2:      layout_basic, serial_shops, shop, minmay_tall_x, uniq_sigmund
D:3:      layout_loops_ring, nicolae_overflow_crystal_walls, tso_oasis_becter,
          mainiacjoe_overflow_concentric_impassable, okawaru_ov_weapons_minmay,
          shapermc_ecumenical_altar_rom_forum, kennysheep_flooded_box
D:4:      layout_cave_pools, tgw_kikubaaqudgha, lemuel_crystal_altar,
          kennysheep_mini, st_stairs_9, minmay_bisected, uniq_natasha
D:5:      layout_cave_pods, grunt_temple_overflow_lords_of_destruction,
          elyvilon_altar_1, kennysheep_little_box, pf_just_have_faith,
          minmay_temple_entry_overgrown, serial_bayou_lake_a, uniq_ijyb
D:6:      layout_loops_ring, nicolae_qazlal_eye_of_the_storm, uniq_blork_the_orc
D:7:      layout_basic, amcnicky_altar_gilded, hellmonk_sif_muna_bookshelves,
          zin_angel, ebering_ghost_reflecting_pool, uniq_joseph, uniq_duvessa
D:8:      layout_loops_cross, grunt_temple_overflow_opulence, lemuel_tele_altar,
          dpeg_lair_monsters, nicolae_diode_quadrants
D:9:      layout_layer_cave, zombieorc1_lemuel, uniq_maggie
D:10:     layout_roguey, nzn_wu_jian_contemplation,
          nicolae_ru_sacrificial_ziggurat, enter_bailey_8, serial_shops,
          nicolae_shop_bloodbath_and_beyond
D:11:     layout_cave_pods, st_stairs_3, hangedman_stone_soup, uniq_grum
Orc:1:    layout_diamond_mine, uniq_nergalle
Orc:2:    st_orc_elflike, layout_caves, serial_shops, shop, minmay_orc_keep,
          uniq_saint_roka

Skill      XL: |  1  2  3  4  5  6  7  8  9 10 11 |
---------------+----------------------------------+-----
Dodging        | 2 3 4 5 6 |  6.5
Fighting       | 3 4 5 6 7 8 9 |  9.9
Unarmed Combat | 3 4 5 7 8 10 11 | 11.3
Armour         | 2 5 6 |  6.8
Stealth        | |  2.7

Action                     |  1- 3 |  4- 6 |  7- 9 | 10-12 || total
---------------------------+-------+-------+-------+-------++-------
  Melee: Unarmed           |    22 |   124 |   382 |   473 ||  1001
         Punch             |       |     1 |    15 |    28 ||    44
  Evoke: Wand              |       |       |       |     3 ||     3
    Use: Scroll            |       |       |     6 |     3 ||     9
         Potion            |       |       |     1 |       ||     1
   Stab: Sleeping          |     1 |     6 |     7 |     1 ||    15
         Distracted        |       |       |     1 |       ||     1
 Armour: Robe              |    14 |   126 |   154 |       ||   294
         Steam dragon scal |       |       |    50 |   264 ||   314
         Swamp dragon scal |       |       |       |    80 ||    80
  Dodge: Dodged            |    11 |    95 |   253 |   410 ||   769
